AoeStats
← Hello World

Arena

509026150Analyzed
4v4 RM · 8d ago on Sep 25, 2026· 75m 46s· 8 players
Game mode
Random Map
Map size
Large (8 player)
Population
200
Speed
Normal
Resources
Standard
Victory
Conquest
Starting age
Dark Age
Ending age
Imperial Age
RankedLock teamsTeams togetherTeam positionsShared explorationLock speedFull tech treeHidden civsTurbo modeCheats
Victory
Defeat
🇹🇼 Persians · Taiwan
1127
+14
🇺🇸 Berbers · United States
1113
+14
🇺🇸 Khmer · United States
1104
+15
🇧🇩 Saxons · Bangladesh
1089
+15
🇺🇸 Dravidians · United States
1143
-17
🇵🇪 Vietnamese · Peru
1080
-15
🇨🇦 Gurjaras · Canada
1049
-13
🇵🇪 Britons · Peru
1036
-13
Hello World
12:54 Feudal Age
14:28 Double-Bit Axe
16:45 Castle Age
14:35 Horse Collar
17:01 Gold Mining
18:28 Loom
23:26 Bloodlines
23:24 Scale Barding Armor
24:53 Chain Barding Armor
25:32 Wheelbarrow
26:25 Bow Saw
28:41 Forging
34:09 Imperial Age
31:34 Stone Mining
34:14 Town Watch
34:45 Hand Cart
35:01 Town Patrol
35:09 Heavy Plow
36:20 Chemistry
35:53 Husbandry
35:31 Heavy Camel Rider
36:20 Fletching
38:44 Iron Casting
38:50 Gold Shaft Mining
39:51 Plate Barding Armor
39:25 Kasbah
42:07 Blast Furnace
44:10 Conscription
43:27 Light Cavalry
50:53 Bodkin Arrow
50:58 Murder Holes
50:43 Treadmill Crane
51:25 Maghrebi Camels
50:50 Hussar
52:49 Bracer
53:15 Ballistics
53:03 Siege Engineers
53:09 Masonry
52:36 Elite Genitour
53:24 Thumb Ring
53:24 Padded Archer Armor
54:25 Crop Rotation
55:37 Leather Archer Armor
57:45 Ring Archer Armor
63:54 Fortified Wall
65:40 Arrowslits
65:45 Guard Tower
68:59 Stone Shaft Mining
69:13 Heavy Scorpion
72:33 Caravan
InXision
10:12 Feudal Age
13:31 Castle Age
14:29 Double-Bit Axe
23:44 Bow Saw
25:55 Wheelbarrow
25:03 Horse Collar
26:34 Heavy Plow
27:13 Town Watch
27:14 Loom
32:29 Imperial Age
32:13 Gold Mining
32:14 Stone Mining
32:44 Hand Cart
32:55 Scale Barding Armor
33:00 Forging
34:49 Double Crossbow
35:30 Caravan
36:02 Ballistics
36:54 Chemistry
35:48 Elite Ballista Elephant
37:34 Conscription
44:22 Town Patrol
53:26 Crop Rotation
54:07 Siege Engineers
54:04 Fletching
54:38 Chain Barding Armor
54:56 Iron Casting
54:21 Padded Archer Armor
71:55 Bodkin Arrow
草~~騎~~吧
10:29 Feudal Age
11:24 Feudal Age
14:51 Castle Age
13:26 Horse Collar
14:19 Double-Bit Axe
20:44 Wheelbarrow
20:31 Bow Saw
23:04 Stone Mining
23:05 Gold Mining
25:09 Loom
25:39 Hand Cart
25:10 Town Watch
25:29 Heavy Plow
26:05 Gold Shaft Mining
26:06 Stone Shaft Mining
30:23 Imperial Age
29:38 Scale Barding Armor
29:45 Forging
29:39 Scale Mail Armor
30:01 Ballistics
29:52 Masonry
29:38 Murder Holes
30:10 Squires
29:59 Gambesons
29:41 Pikeman
30:27 Husbandry
30:38 Bloodlines
29:49 Light Cavalry
30:55 Chain Barding Armor
30:26 Fletching
31:55 Chemistry
30:58 Murder Holes
32:05 Two-Man Saw
30:31 Cavalier
32:04 Conscription
32:23 Iron Casting
32:11 Savar
32:23 Hussar
34:21 Chain Mail Armor
34:42 Plate Barding Armor
34:06 Bodkin Arrow
34:43 Architecture
36:22 Blast Furnace
38:51 Plate Mail Armor
37:47 Halberdier
48:11 Caravan
pyjalal
11:53 Feudal Age
15:41 Castle Age
17:06 Double-Bit Axe
17:04 Horse Collar
20:12 Bow Saw
20:06 Heavy Plow
21:48 Town Watch
29:34 Wheelbarrow
33:32 Imperial Age
31:20 Hand Cart
32:25 Town Patrol
32:21 Gold Mining
33:01 Forging
32:52 Scale Mail Armor
33:56 Gold Shaft Mining
33:55 Squires
33:41 Arson
33:43 Gambesons
33:47 Shield Wall
35:58 Iron Casting
35:40 Chain Mail Armor
36:07 Elite Varangian Guard
37:44 Conscription
39:10 Plate Mail Armor
40:46 Loom
49:17 Elite Hearth Troop
58:06 Crossbowman
59:15 Thumb Ring
58:37 Arbalester
Sumyil
9:34 Feudal Age
16:06 Castle Age
14:02 Double-Bit Axe
16:33 Wheelbarrow
18:26 Hand Cart
22:04 Pikeman
23:12 Scale Mail Armor
24:17 Loom
30:26 Bow Saw
30:07 Gold Mining
30:12 Stone Mining
30:05 Horse Collar
34:13 Imperial Age
33:22 Squires
33:10 Gambesons
33:11 Arson
33:46 Chain Mail Armor
33:42 Forging
35:54 Halberdier
37:02 Scale Barding Armor
41:29 Elite Longbowman
43:45 Masonry
44:38 Chemistry
43:59 Ballistics
44:05 Fletching
44:15 Padded Archer Armor
44:52 Iron Casting
46:45 Town Watch
48:11 Bodkin Arrow
48:31 Leather Archer Armor
50:12 Bracer
50:43 Ring Archer Armor
56:02 Blast Furnace
55:32 Plate Mail Armor
64:52 Yeomen
vince.dion123
10:18 Feudal Age
12:51 Loom
15:48 Castle Age
15:14 Double-Bit Axe
15:25 Horse Collar
22:03 Heavy Plow
23:32 Bow Saw
23:50 Fervor
24:52 Sanctity
25:00 Gold Mining
25:01 Stone Mining
25:19 Stone Mining
27:02 Wheelbarrow
26:12 Town Watch
31:40 Imperial Age
30:17 Forging
30:08 Scale Mail Armor
29:55 Arson
31:28 Gold Shaft Mining
31:52 Iron Casting
32:31 Chain Mail Armor
32:48 Conscription
31:49 Elite Chakram Thrower
33:51 Chemistry
33:43 Bloodlines
33:34 Husbandry
34:34 Plate Mail Armor
34:40 Scale Barding Armor
38:41 Hand Cart
38:26 Town Patrol
38:52 Chain Barding Armor
39:34 Ballistics
39:22 Fletching
40:11 Elite Shrivamsha Rider
41:29 Plate Barding Armor
41:16 Murder Holes
41:15 Heavy Camel Rider
50:14 Frontier Guards
50:21 Frontier Guards
51:21 Bodkin Arrow
55:11 Bracer
64:02 Coinage
63:35 Caravan
63:08 Light Cavalry
74:05 Hussar
jochizan
11:02 Feudal Age
15:44 Castle Age
13:49 Double-Bit Axe
14:07 Horse Collar
16:24 Wheelbarrow
16:51 Bow Saw
17:19 Wheelbarrow
24:01 Fletching
24:51 Squires
29:27 Pikeman
33:45 Imperial Age
31:37 Hand Cart
31:25 Loom
31:26 Town Watch
32:42 Heavy Plow
32:41 Gold Mining
34:36 Halberdier
36:39 Thumb Ring
36:57 Paper Money
37:54 Forging
37:44 Scale Mail Armor
38:02 Arson
38:16 Bodkin Arrow
39:55 Iron Casting
39:35 Chain Mail Armor
40:23 Scale Barding Armor
40:07 Elite Skirmisher
41:41 Elite Fire Lancer
50:08 Bloodlines
49:59 Husbandry
50:52 Plate Mail Armor
50:23 Padded Archer Armor
52:44 Crop Rotation
55:22 Chemistry
55:33 Bracer
TheEel
13:56 Feudal Age
17:38 Castle Age
15:27 Double-Bit Axe
15:24 Horse Collar
18:53 Heavy Plow
20:43 Bow Saw
21:14 Loom
22:22 Wheelbarrow
24:02 Stone Mining
24:43 Gold Mining
27:01 Hand Cart
31:17 Imperial Age
28:32 Pikeman
29:21 Squires
29:45 Scale Mail Armor
31:35 Medical Corps
32:33 Coinage
32:05 Caravan
32:33 Conscription
31:45 Elite Elephant Archer
32:21 Fletching
32:38 Padded Archer Armor
33:07 Thumb Ring
32:59 Bodkin Arrow
33:27 Ballistics
34:08 Chemistry
32:40 Halberdier
33:32 Forging
34:29 Bracer
34:45 Chain Mail Armor
35:12 Husbandry
36:09 Hoardings
35:59 Masonry
37:29 Fortified Wall
38:15 Wootz Steel
39:15 Plate Mail Armor
39:02 Leather Archer Armor
39:09 Arson
40:01 Iron Casting
40:07 Iron Casting
40:34 Ring Archer Armor
40:03 Murder Holes
42:18 Town Watch
44:59 Banking
46:23 Blast Furnace
45:42 Town Patrol
46:06 Bombard Tower
45:47 Gambesons
45:23 Man-at-Arms
45:47 Elite Urumi Swordsman
58:34 Scale Barding Armor
63:58 Guilds
66:34 Light Cavalry
69:39 Chain Barding Armor
Connection lost

Rejoining the realm…

Still unreachable

The connection could not be restored.

Session expired

The server has moved on; the page needs a fresh start.